 Dungeon Crawl Stone Soup version 0.27-a0-1290-g15d3ce7508 (webtiles) character file.

Game seed: 3447867622869527754

14 27snakeeyes612 the Shield-Bearer (level 2, -1/16 HPs)
             Began as a Vine Stalker Fighter on June 15, 2021.
             Slain by a jackal (2 damage)
             ... on level 1 of the Dungeon.
             The game lasted 00:00:11 (374 turns).

27snakeeyes612 the Shield-Bearer (VSFi)              Turns: 374, Time: 00:00:11

Health: -1/16      AC:  6    Str: 18    XL:     2   Next: 45%
Magic:  0/3        EV:  7    Int:  8    God:
Gold:   50         SH:  9    Dex: 13    Spells: 1/1 levels left

rFire    . . .     SeeInvis .   a - +0 flail
rCold    . . .     Faith    .   c - +0 kite shield
rNeg     . . .     Spirit   +   b - +0 scale mail
rPois    .         Reflect  .   (no helmet)
rElec    .         Harm     .   (no cloak)
rCorr    .         Rampage  .   (no gloves)
Will     .....                  (no boots)
Stlth    ..........             (no amulet)
HPRegen  0.05/turn              (no ring)
MPRegen  0.08/turn              (no ring)

@: no status effects
A: fangs 2, magic shield, antimagic bite, no potion heal 2
a: no special abilities


You were on level 1 of the Dungeon.
You visited 1 branch of the dungeon, and saw 1 of its levels.

You collected 50 gold pieces.

Inventory:

Hand Weapons
 a - a +0 flail (weapon)
Armour
 b - a +0 scale mail (worn)
 c - a +0 kite shield (worn)
Scrolls
 e - a scroll of identify {unknown}
Potions
 d - a potion of might


   Skills:
 + Level 2.8 Fighting
 + Level 2.0 Maces & Flails
 + Level 2.6 Armour
 + Level 2.9 Shields


You had one spell level left.
You didn't know any spells.
Your spell library was empty.

Dungeon Overview and Level Annotations

Branches:
Dungeon (1/15)

Altars:


Innate Abilities, Weirdness & Mutations

You have extremely sharp teeth.
When hurt, damage is shared between your health and your magic reserves.
Your bite disrupts and absorbs the magic of your enemies.
Potions cannot restore your health.


Message History

The endoplasm freezes you.
You are frozen.
The ball python closely misses you. You block the ball python's attack.
You block the jackal's attack.
You barely miss the ball python. The jackal barely misses you.
The ball python bites you. You block the ball python's attack.
The endoplasm freezes you.
You are frozen.
You block the ball python's attack. The ball python completely misses you.
You block the jackal's attack. The endoplasm freezes you.
You are frozen.
The ball python bites you but does no damage.
The ball python barely misses you.
You are too injured to fight recklessly!
You are too injured to fight recklessly!
You are too injured to fight recklessly!
You are too injured to fight recklessly!
You are too injured to fight recklessly!
You are too injured to fight recklessly!
You are too injured to fight recklessly!
You are too injured to fight recklessly!
You are too injured to fight recklessly!
You are too injured to fight recklessly!
You are too injured to fight recklessly!
You are too injured to fight recklessly!
You are too injured to fight recklessly!
The jackal bites you. You block the endoplasm's attack.
The jackal bites you but does no damage.
You block the jackal's attack.
You hit the jackal but do no damage. The jackal bites you.
* * * LOW HITPOINT WARNING * * *
The jackal bites you but does no damage.
You barely miss the jackal.
The jackal bites you but does no damage. x2
You barely miss the jackal. The jackal bites you.
* * * LOW HITPOINT WARNING * * *
The jackal bites you.
You hit the jackal. Your bite misses the jackal.
The jackal is moderately wounded.
The jackal bites you.
You die...

#.... #.#.#..###...
#....########.#...#.#.###
##..............#.. #.##
# ........$..........##.#
#
#.....†...............##
# #..)..S..........÷.÷###
#.####SJ........÷......
#h#####.........#. #@#
#...........
#.####.#####..#.....#..
#.............#....##..
#.####.#........#.###..
............####.# #..
......#.##### #.# #..
.........# #.# #..
########## #.# #.. #.#
#..


You could see an endoplasm, a jackal and 2 ball pythons.

Vanquished Creatures
  A dart slug (D:1)
  An endoplasm (D:1)
  A goblin (D:1)
  A hobgoblin (D:1)
  A jackal (D:1)
  A kobold (D:1)
  A quokka (D:1)
  3 ball pythons (D:1)
  A frilled lizard (D:1)
11 creatures vanquished.

Notes
Turn   | Place    | Note
-------+----------+-------------------------------------------
     0 | D:1      | 27snakeeyes612 the Vine Stalker Fighter began the quest for
                  | the Orb.
     0 | D:1      | Reached XP level 1. HP: 11/11 MP: 2/2
    55 | D:1      | Reached XP level 2. HP: 15/16 MP: 3/3
   374 | D:1      | Slain by a jackal

Illustrated notes

Levels and vault maps discovered:
D:1:      lemuel_arrival_broad_hall, layout_loops_ring

Skill      XL: |  1  2 |
---------------+-------+-----
Maces & Flails | 2 |  2.0
Fighting       | |  2.8
Armour         | |  2.6
Shields        | |  2.9

Action                   || total
-------------------------++-------
Melee: Flail             ||    28
       Bite              ||     1
Armor: Scale mail        ||    18
Dodge: Dodged            ||    15
Block: Kite shield       ||    22

Table legend: (Time is in decaauts)
 A = Elapsed time spent in this place.
 B = Non-inter-level travel time spent in this place.
 C = Inter-level travel time spent in this place.
 D = Time resting spent in this place.
 E = Time spent auto-exploring this place.
 F = Levels seen in this place.
 G = Mean time per level.
                   A        B        C        D        E       F      G
               +--------+--------+--------+--------+--------+-----+--------+
         Total |    389 |    389 |      0 |      0 |    321 |   1 |  389.0 |
       Dungeon |    389 |    389 |      0 |      0 |    321 |   1 |  389.0 |
               +--------+--------+--------+--------+--------+-----+--------+

Top non-repeatable levels by time:
     D:1: 389 daAuts
